 Dungeon Crawl Stone Soup version 0.30-a0-414-gcb316572d5 (webtiles) character file.

Game seed: 4792126679726137853

39 cforsyth the Chopper (level 3, -2/33 HPs)
             Began as a Hill Orc Monk on Dec 7, 2022.
             Slain by a worm (4 damage)
             ... on level 2 of the Dungeon.
             The game lasted 00:01:21 (1085 turns).

cforsyth the Chopper (Hill Orc Monk)                Turns: 1085, Time: 00:01:21

Health: -2/33      AC:  3    Str: 15    XL:     3   Next: 45%
Magic:  3/3        EV: 12    Int: 10    God:
Gold:   45         SH:  0    Dex: 13    Spells: 2/2 levels left

rFire   . . .      SeeInvis .    a - +0 hand axe
rCold   . . .      Faith    .    (no shield)
rNeg    . . .      Spirit   .    b - +0 robe
rPois   .          Reflect  .    i - +0 helmet
rElec   .          Harm     .    (no cloak)
rCorr   .          Rampage  .    (no gloves)
Will    .....                    (no boots)
Stlth   ++........               (no amulet)
HPRegen 0.25/turn                (no ring)
MPRegen 0.08/turn                (no ring)

@: lethally poisoned (-2 -> -6)
A: no striking features
a: no special abilities


You were on level 2 of the Dungeon.
You visited 1 branch of the dungeon, and saw 2 of its levels.

You collected 45 gold pieces.

Inventory:

Hand Weapons
 a - a +0 hand axe (weapon)
Armour
 b - a +0 robe (worn)
 i - a +0 helmet (worn)
Jewellery
 o - a ring of ice
Scrolls
 f - a scroll of butterflies {unknown}
 g - 2 scrolls of immolation {unknown}
 j - 2 scrolls of identify {unknown}
 k - a scroll of vulnerability {unknown}
 l - a scroll of amnesia {unknown}
Potions
 c - a potion of ambrosia
 d - 2 potions of heal wounds {unknown}
 e - a potion of brilliance {unknown}
 h - a potion of cancellation {unknown}
 m - a potion of invisibility {unknown}
 n - a potion of curing {unknown}


   Skills:
 + Level 4.2 Fighting
 + Level 4.7 Axes
 + Level 1.7 Armour
 - Level 2.4 Dodging
 - Level 1.5 Stealth


You had 2 spell levels left.
You didn't know any spells.
Your spell library was empty.

Dungeon Overview and Level Annotations

Branches:
Dungeon (2/15)

Altars:
Gozag


Message History

The adder misses you.
You hit the adder.
The adder is heavily wounded.
You feel sick. The adder barely misses you. The adder bites you.
You hit the adder.
The adder is severely wounded.
You feel sick. The adder barely misses you.
You closely miss the adder.
The adder is severely wounded.
You feel sick. The adder bites you.
You are more poisoned.
The adder poisons you!
You are too injured to fight recklessly!
You are too injured to fight recklessly!
You are too injured to fight recklessly!
You are too injured to fight recklessly!
You are too injured to fight recklessly!
You are too injured to fight recklessly!
You feel sick. The adder bites you. The adder bites you but does no damage.
A worm comes into view.
Found 7 gold pieces.
You feel sick. The adder misses you.
You are too injured to fight recklessly!
You closely miss the adder.
The adder is severely wounded.
You feel sick. The adder bites you.
* * * LOW HITPOINT WARNING * * *
You are lethally poisoned!
The adder poisons you!
You miss the adder.
The adder is severely wounded.
* * * LOW HITPOINT WARNING * * *
You feel very sick. The adder closely misses you. The adder bites you.
* * * LOW HITPOINT WARNING * * *
You slash the adder!
You kill the adder!
You hit the worm.
* * * LOW HITPOINT WARNING * * *
You feel sick. The worm bites you.
You die...

. #........#.|......
.....##.................
........................
.....##.................
........................
......###..=............
........##.._.....#.###.
.......w.......##.... #.
.......@†......# . ....
...............# . ..#
......^......(.# ..##.#
..........##...# ...#
..........# ...# .. ...
........... .........##.
..w........# ...........
.......$...# # ###


You could see 2 worms.

Vanquished Creatures
  2 adders (D:2)
  A ball python (D:1)
  3 endoplasms
  2 giant cockroaches
  A goblin (D:1)
  4 hobgoblins
  5 jackals
  A quokka (D:1)
  2 bats (D:1)
  A frilled lizard (D:2)
  6 rats
28 creatures vanquished.

Notes
Turn   | Place    | Note
-------+----------+-------------------------------------------
     0 | D:1      | cforsyth the Hill Orc Monk began the quest for the Orb.
     0 | D:1      | Reached XP level 1. HP: 19/19 MP: 1/1
   206 | D:1      | Reached XP level 2. HP: 26/27 MP: 2/2
   261 | D:1      | Found a faded altar of an unknown god.
   267 | D:1      | Reached skill level 1 in Armour
   787 | D:2      | Reached XP level 3. HP: 20/33 MP: 3/3
  1055 | D:2      | Found an opulent altar of Gozag.
  1085 | D:2      | Slain by a worm

Illustrated notes

Levels and vault maps discovered:
D:1:      giann_wishing_wells, layout_basic,
          hellmonk_ecumenical_altar_pennies_from_heaven
D:2:      layout_basic, basic_altar

Skill      XL: |  1  2 |
---------------+-------+-----
Armour         | 1 |  1.7
Fighting       | 4 |  4.2
Axes           | |  4.7
Dodging        | |  2.4
Stealth        | |  1.5

Action                   || total
-------------------------++-------
Melee: Hand axe          ||   102
 Stab: Sleeping          ||     3
Armor: Robe              ||    33
Dodge: Dodged            ||    76

Table legend: (Time is in decaauts)
 A = Elapsed time spent in this place.
 B = Non-inter-level travel time spent in this place.
 C = Inter-level travel time spent in this place.
 D = Time resting spent in this place.
 E = Time spent auto-exploring this place.
 F = Levels seen in this place.
 G = Mean time per level.
                   A        B        C        D        E       F      G
               +--------+--------+--------+--------+--------+-----+--------+
         Total |   1096 |   1065 |     31 |      0 |    838 |   2 |  548.0 |
       Dungeon |   1096 |   1065 |     31 |      0 |    838 |   2 |  548.0 |
               +--------+--------+--------+--------+--------+-----+--------+

Top non-repeatable levels by time:
     D:1: 782 daAuts
     D:2: 313 daAuts
